Match 23177733
Unlisted

Match 23177733
End
Construct Barracks
Selects Armored Battlegroup
Riflemen Squad
Selects Veteran Crews
Riflemen Squad
Riflemen Squad
Grenade Package
Mechanized Support Center
M1918 Browning Automatic Rifles
Construct Medical Station
Selects Strength in Steel
BasketBall People
QuickshotCoyote
TidaL
Dom
12nya
PTR
乌瑟尔
OUN
0
0

Comments sign in to comment!

No comments posted yet!